 Dungeon Crawl Stone Soup version 0.31.0-32-g396128a36d (webtiles) character file.

Game seed: 589342063203278783

3292 Cuillere the Fighter (level 10, -14/77 (81) HPs)
             Began as a Gnoll Wanderer on Mar 29, 2024.
             Was a Believer of Okawaru.
             Demolished by a +2 rapier of chaos (17 damage)
             ... on level 8 of the Dungeon.
             The game lasted 00:23:11 (9237 turns).

Cuillere the Fighter (Gnoll Wanderer)               Turns: 9237, Time: 00:23:12

HP:   -14/77 (81)   AC: 10    Str:  9    XL:     10   Next: 1%
MP:   17/17         EV: 16    Int: 10    God:    Okawaru [**....]
Gold: 355           SH:  0    Dex: 26    Spells: 18/19 levels left

rFire   . . .        k - +0 scimitar (flame)
rCold   . . .        b - +0 buckler {AC+3}
rNeg    . . .        x - +0 steam dragon scales
rPois   .            p - +0 helmet
rElec   .            t - +2 cloak
rCorr   .            y - +2 pair of gloves
SInv    +            s - +0 pair of boots
Will    .....        (no amulet)
Stlth   ++           r - ring of see invisible
HPRegen 0.32/turn    z - +6 ring of dexterity
MPRegen 0.15/turn

%: no passive effects
@: confused, corroded, hasted, lightly drained, very quick
A: fangs 1, strong nose, distributed training
a: Renounce Religion, Heroism


You were on level 8 of the Dungeon.
You worshipped Okawaru.
Okawaru was pleased with you.
You visited 2 branches of the dungeon, and saw 10 of its levels.

You collected 355 gold pieces.

Inventory:

Hand Weapons
 j - a +1 falchion
 k - a +0 scimitar of flaming (weapon)
 l - a +1 dagger of venom
 E - a +0 short sword of speed
Armour
 b - a +0 buckler of protection (worn)
 e - a +0 cloak
 i - a +0 leather armour
 p - a +0 helmet (worn)
 s - a +0 pair of boots (worn)
 t - a +2 cloak (worn)
 x - +0 steam dragon scales (worn)
 y - a +2 pair of gloves (worn)
 F - a +3 scale mail
Jewellery
 r - a ring of see invisible (left hand)
 z - a +6 ring of dexterity (right hand)
 C - a +6 ring of strength
Wands
 c - a wand of polymorph (10)
 d - a wand of paralysis (3)
 D - a wand of quicksilver (10)
Scrolls
 a - 2 scrolls of blinking
 n - 2 scrolls of teleportation
 o - a scroll of immolation
 A - a scroll of vulnerability
 B - a scroll of enchant weapon
Potions
 f - 2 potions of degeneration
 g - 2 potions of lignification
 h - 3 potions of mutation
 m - 3 potions of brilliance
 q - a potion of enlightenment {unknown}
 u - a potion of resistance
 v - 2 potions of heal wounds {unknown}
 w - a potion of attraction {unknown}


   Skills:
 + Level 8.3 Fighting
 + Level 5.0 Short Blades
 + Level 5.0 Long Blades
 + Level 5.0 Axes
 + Level 5.0 Maces & Flails
 + Level 5.6 Polearms
 + Level 5.0 Staves
 + Level 5.0 Ranged Weapons
 + Level 5.6 Throwing
 + Level 5.0 Armour
 + Level 5.0 Dodging
 + Level 5.0 Stealth
 + Level 6.8 Shields
 + Level 5.0 Unarmed Combat
 + Level 5.0 Spellcasting
 + Level 4.1 Conjurations
 + Level 4.1 Hexes
 + Level 4.1 Summonings
 + Level 4.1 Necromancy
 + Level 4.1 Translocations
 + Level 4.1 Fire Magic
 + Level 4.1 Ice Magic
 + Level 4.1 Air Magic
 + Level 4.1 Earth Magic
 + Level 4.1 Alchemy
 + Level 6.1 Invocations
 + Level 6.8 Evocations
 + Level 4.5 Shapeshifting


You had 18 spell levels left.
You knew the following spells:

 Your Spells              Type           Power      Damage    Failure   Level
a - Magic Dart            Conj           40%        1d5       6%          1

Your spell library contained the following spells:

 Spells                   Type           Power      Damage    Failure   Level
 Searing Ray              Conj           20%        2d5       9%          2
 Fulminant Prism          Conj/Alch      5%         3d7       52%         4
 Passage of Golubria      Tloc           10%        N/A       52%         4
 Yara's Violent Unravell  Hex/Alch       5%         3d4       86%         5
 Tukima's Dance           Hex            Unusable   N/A       N/A         3

Dungeon Overview and Level Annotations

Branches:
Dungeon (9/15)             Temple (1/1) D:6
   Lair: D:8-11         Orc: D:9-12

Altars:
Ashenzari
Cheibriados
Dithmenos
Elyvilon
Gozag
Hepliaklqana
Kikubaaqudgha
Makhleb
Nemelex Xobeh
Okawaru
Qazlal
Ru
Sif Muna
Trog
Uskayaw
Vehumet
Wu Jian
Xom
Yredelemnul
Zin
The Shining One

Shops:
D:3 ?

Annotations:
D:8 2 transporters
D:9 Cuillere's ghost, journeyman GnWn


Innate Abilities, Weirdness & Mutations

You have very sharp teeth.
Your uncanny sense of smell can sniff out nearby items.
Your experience applies equally to all skills.


Message History

You slash the +2 rapier of chaos!
Your bite misses the +2 rapier of chaos.
The +2 rapier of chaos is heavily damaged.
The +2 rapier of chaos hits you but does no damage.
The acid corrodes you!
The +2 rapier of chaos hits you but does no damage.
You hit the +2 rapier of chaos.
You bite the +2 rapier of chaos, but do no damage.
The +2 rapier of chaos is heavily damaged.
The +2 rapier of chaos hits you!
You are confused.
The +2 rapier of chaos hits you!
* * * LOW HITPOINT WARNING * * *
The acid corrodes you!
You hit the +2 rapier of chaos but do no damage.
The +2 rapier of chaos is heavily damaged.
The +2 rapier of chaos closely misses you.
The +2 rapier of chaos barely misses you.
You barely miss the +2 rapier of chaos.
Your bite misses the +2 rapier of chaos.
The +2 rapier of chaos is moderately damaged.
The +2 rapier of chaos hits you.
* * * LOW HITPOINT WARNING * * *
The +2 rapier of chaos burns you.
* * * LOW HITPOINT WARNING * * *
The +2 rapier of chaos hits you.
* * * LOW HITPOINT WARNING * * *
The +2 rapier of chaos freezes you.
* * * LOW HITPOINT WARNING * * *
Okay, then.
You are too confused!
You bump into the rock wall.
The +2 rapier of chaos hits you.
* * * LOW HITPOINT WARNING * * *
You feel drained.
* * * LOW HITPOINT WARNING * * *
You hit the +2 rapier of chaos.
You bite the +2 rapier of chaos, but do no damage.
The +2 rapier of chaos is moderately damaged.
The +2 rapier of chaos hits you!
You die...

##################
#>(...............
#@################
#...######
#.#......#
#.######.# #.# #.#
#.# ##'####### #.#
#.|......# #.#
#........# #.#
#........#


You could see a +2 rapier of chaos.

Vanquished Creatures
  An efreet (D:8)
  3 wyverns
  2 steam dragons (D:7)
  Edmund (D:6)
  A water moccasin (D:6)
  A sky beast (D:8)
  2 ice beasts
  4 black bears
  3 ogres
  A phantom (D:7)
  6 scorpions
  2 bombardier beetles
  3 orc priests (D:8)
  Crazy Yiuf (D:5)
  A hound (D:5)
  2 jellies
  Natasha (thrice) (D:3)
  5 iguanas
  5 orc wizards
  3 gnolls (D:2)
  7 adders
  A white imp (D:7)
  6 dart slugs
  A ribbon worm (D:3)
  16 orcs
  3 ball pythons
  7 bats
  An endoplasm (D:1)
  2 giant cockroaches
  7 goblins
  4 hobgoblins
  6 jackals (D:3)
  6 kobolds
  4 quokkas
  2 frilled lizards
  8 rats
131 creatures vanquished.

Vanquished Creatures (others)
  An orc wizard (D:8)
  An orc (D:8)
2 creatures vanquished.

Grand Total: 133 creatures vanquished

Notes
Turn   | Place    | Note
-------+----------+-------------------------------------------
     0 | D:1      | Cuillere the Gnoll Wanderer began the quest for the Orb.
     0 | D:1      | Cuillere set off with the following items: a +0 spear, a +0
                  | buckler of protection, a wand of polymorph (6), a scroll of
                  | fear, a +0 robe.
     0 | D:1      | Reached XP level 1. HP: 23/23 MP: 2/2
   208 | D:1      | Reached XP level 2. HP: 29/29 MP: 3/3
   548 | D:1      | Reached XP level 3. HP: 35/35 MP: 4/4
   820 | D:2      | Reached skill level 1 in Short Blades
   820 | D:2      | Reached skill level 1 in Long Blades
   820 | D:2      | Reached skill level 1 in Axes
   820 | D:2      | Reached skill level 1 in Maces & Flails
   820 | D:2      | Reached skill level 1 in Staves
   820 | D:2      | Reached skill level 1 in Ranged Weapons
   820 | D:2      | Reached skill level 1 in Armour
   820 | D:2      | Reached skill level 1 in Dodging
   820 | D:2      | Reached skill level 1 in Stealth
   820 | D:2      | Reached skill level 1 in Unarmed Combat
   820 | D:2      | Reached skill level 1 in Spellcasting
   825 | D:2      | Reached skill level 1 in Shapeshifting
   825 | D:2      | Reached XP level 4. HP: 26/41 MP: 6/6
   980 | D:2      | Reached skill level 1 in Conjurations
   980 | D:2      | Reached skill level 1 in Hexes
   980 | D:2      | Reached skill level 1 in Summonings
   980 | D:2      | Reached skill level 1 in Necromancy
   980 | D:2      | Reached skill level 1 in Translocations
   980 | D:2      | Reached skill level 1 in Fire Magic
   980 | D:2      | Reached skill level 1 in Ice Magic
   980 | D:2      | Reached skill level 1 in Air Magic
   980 | D:2      | Reached skill level 1 in Earth Magic
   980 | D:2      | Reached skill level 1 in Alchemy
  1289 | D:2      | Learned a level 1 spell: Magic Dart
  1613 | D:3      | Reached XP level 5. HP: 45/47 MP: 7/7
  2402 | D:3      | Noticed Natasha
  2412 | D:3      | Killed Natasha
  2413 | D:3      | Reached XP level 6. HP: 31/53 MP: 8/8
  2552 | D:3      | Found Zeesijem's Magic Scroll Emporium.
  2570 | D:3      | Noticed Natasha
  2590 | D:3      | Killed Natasha
  2603 | D:3      | Noticed Natasha
  2613 | D:3      | Killed Natasha
  2614 | D:3      | Reached skill level 5 in Shields
  2614 | D:3      | Reached skill level 5 in Evocations
  2891 | D:4      | You fall into a shaft and drop 3 floors!
  2911 | D:7      | Noticed a wyvern
  2978 | D:7      | Noticed a steam dragon
  2991 | D:7      | Killed a steam dragon
  2992 | D:7      | Reached skill level 7 in Fighting
  2992 | D:7      | Reached XP level 7. HP: 6/60 MP: 10/10
  3424 | D:6      | Noticed Edmund
  3503 | D:6      | Killed Edmund
  4154 | D:6      | Reached XP level 8. HP: 55/67 MP: 12/12
  4200 | D:5      | Entered Level 5 of the Dungeon
  4760 | D:5      | Noticed a yak
  4774 | D:5      | Noticed a yak
  5423 | D:5      | Found a runed translucent door.
  5424 | D:5      | Noticed Crazy Yiuf
  5434 | D:5      | Killed Crazy Yiuf
  5672 | D:5      | Reached skill level 5 in Invocations
  5743 | D:5      | Noticed a yak
  6183 | D:6      | Found a staircase to the Ecumenical Temple.
  6194 | Temple   | Entered the Ecumenical Temple
  6277 | Temple   | Became a worshipper of Warmaster Okawaru
  6458 | D:6      | Reached XP level 9. HP: 32/73 MP: 13/15
  6971 | D:7      | Reached * piety under Okawaru
  6972 | D:7      | Reached skill level 5 in Polearms
  6972 | D:7      | Reached skill level 5 in Throwing
  7262 | D:7      | Reached skill level 8 in Fighting
  7824 | D:7      | Found a shimmering altar of Xom.
  7825 | D:7      | Found a shimmering altar of Xom.
  7825 | D:7      | Found a shimmering altar of Xom.
  7826 | D:7      | Found a shimmering altar of Xom.
  7826 | D:7      | Found a shimmering altar of Xom.
  7827 | D:7      | Found a shimmering altar of Xom.
  8230 | D:8      | Noticed an efreet
  8433 | D:8      | Killed an efreet
  8433 | D:8      | Reached ** piety under Okawaru
  8720 | D:8      | Found a transporter.
  8720 | D:8      | Found a transporter.
  8835 | D:8      | Found a glowing golden altar of the Shining One.
  8967 | D:8      | Reached skill level 5 in Short Blades
  8967 | D:8      | Reached skill level 5 in Long Blades
  8967 | D:8      | Reached skill level 5 in Axes
  8967 | D:8      | Reached skill level 5 in Maces & Flails
  8967 | D:8      | Reached skill level 5 in Staves
  8967 | D:8      | Reached skill level 5 in Ranged Weapons
  8967 | D:8      | Reached skill level 5 in Armour
  8967 | D:8      | Reached skill level 5 in Dodging
  8967 | D:8      | Reached skill level 5 in Stealth
  8967 | D:8      | Reached skill level 5 in Unarmed Combat
  8967 | D:8      | Reached skill level 5 in Spellcasting
  8967 | D:8      | Reached XP level 10. HP: 56/81 MP: 17/17
  9209 | D:9      | Found a runed translucent door.
  9209 | D:9      | Found a shimmering altar of Xom.
  9209 | D:9      | Noticed Cuillere's ghost (journeyman GnWn)
  9209 | D:9      | Noticed a +2 rapier of chaos
  9236 | D:8      | HP: 3/77 [+2 rapier of chaos (2)]
  9237 | D:8      | Demolished by a +2 rapier of chaos

Illustrated notes

Levels and vault maps discovered:
D:1:      dpeg_arrival_long_road, layout_rooms, minmay_tripent
D:2:      layout_basic
D:3:      layout_basic, serial_shops, nicolae_shop_rolled_up,
          nicolae_the_louvre, uniq_natasha
D:4:      layout_basic, serial_glass, glass_columns_b, glass_columns_a,
          item_on_display_a, minmay_strange_pillars
D:5:      layout_basic, uniq_crazy_yiuf_cottage
D:6:      layout_basic, minmay_temple_entry_antechambers, uniq_edmund
D:7:      layout_basic, xom_shifter_show
D:8:      gammafunk_beogh_shrine, layout_basic, mainiacjoe_overflow_chevrons,
          minmay_microvault
D:9:      layout_gridville, fedhas_altar_3, serial_glass, glass_columns_b,
          glass_columns_a, ebering_ghost_xom, minmay_misc_feat_chi
Temple:   compressed_dpeg_triangle_lava_temple

Skill      XL: |  1  2  3  4  5  6  7  8  9 |
---------------+----------------------------+-----
Short Blades   | 1 2 3 4 5 |  5.0
Long Blades    | 1 2 3 4 5 |  5.0
Axes           | 1 2 3 4 5 |  5.0
Maces & Flails | 1 2 3 4 5 |  5.0
Staves         | 1 2 3 4 5 |  5.0
Ranged Weapons | 1 2 3 4 5 |  5.0
Armour         | 1 2 3 4 5 |  5.0
Dodging        | 1 2 3 4 5 |  5.0
Stealth        | 1 2 3 4 5 |  5.0
Unarmed Combat | 1 2 3 4 5 |  5.0
Spellcasting   | 1 2 3 4 5 |  5.0
Shapeshifting  | 1 2 3 4 |  4.5
Conjurations   | 1 2 3 4 |  4.1
Hexes          | 1 2 3 4 |  4.1
Summonings     | 1 2 3 4 |  4.1
Necromancy     | 1 2 3 4 |  4.1
Translocations | 1 2 3 4 |  4.1
Fire Magic     | 1 2 3 4 |  4.1
Ice Magic      | 1 2 3 4 |  4.1
Air Magic      | 1 2 3 4 |  4.1
Earth Magic    | 1 2 3 4 |  4.1
Alchemy        | 1 2 3 4 |  4.1
Invocations    | 3 4 5 6 |  6.1
Polearms       | 3 4 5 |  5.6
Throwing       | 3 4 5 |  5.6
Shields        | 5 6 |  6.8
Evocations     | 5 6 |  6.8
Fighting       | 7 8 |  8.3

Action                     |  1- 3 |  4- 6 |  7- 9 | 10-12 || total
---------------------------+-------+-------+-------+-------++-------
  Melee: Spear             |    78 |       |       |       ||    78
         Bite              |     5 |    22 |    48 |     5 ||    80
         Falchion          |    25 |    75 |   299 |       ||   399
         Dagger            |     9 |   119 |       |       ||   128
         Short sword       |       |       |    19 |       ||    19
         Scimitar          |       |       |    16 |    23 ||    39
   Cast: Magic Dart        |       |    20 |     1 |       ||    21
 Invoke: Heroism           |       |       |     1 |       ||     1
    Use: Scroll            |       |     6 |     9 |       ||    15
         Potion            |       |       |     1 |       ||     1
   Stab: Sleeping          |     5 |     2 |    15 |       ||    22
 Armour: Robe              |    23 |       |       |       ||    23
         Leather armour    |    21 |   126 |   134 |       ||   281
         Skin              |     1 |       |       |       ||     1
         Steam dragon scal |       |       |    45 |    23 ||    68
  Dodge: Dodged            |    39 |   100 |   168 |    14 ||   321
  Block: Buckler           |    19 |    55 |   136 |     4 ||   214
